 Dungeon Crawl Stone Soup version 0.27-a0-170-g607d9e9d85 (webtiles) character file.

Game seed: 6266014674386688183

557 tsouns the Sneak (level 7, 0/58 HPs)
             Began as a Merfolk Brigand on Jan 29, 2021.
             Was an Initiate of Ashenzari.
             Slain by a gnoll
             ... wielding a +0 spear
              (10 damage)
             ... on level 5 of the Dungeon.
             The game lasted 00:08:36 (5051 turns).

tsouns the Sneak (Merfolk Brigand)                  Turns: 5051, Time: 00:08:37

Health: 0/58       AC:  9    Str: 13    XL:     7   Next: 30%
Magic:  7/7        EV: 12    Int: 10    God:    Ashenzari [......]
Gold:   85         SH:  0    Dex: 16    Spells: 6/6 levels left

rFire    . . .     SeeInvis .   a - +2 dagger
rCold    . . .     Faith    .   (no shield)
rNeg     + . .     Spirit   .   z - +2 robe of Complete Protection {rN+}
rPois    .         Reflect  .   h - +0 helmet
rElec    .         Harm     .   c - +1 cloak
rCorr    .         Rampage  .   o - +0 pair of gloves
Will     .....                  l - +0 pair of boots
Stlth    ++++......             (no amulet)
HPRegen  0.19/turn              (no ring)
MPRegen  0.10/turn              (no ring)

@: very slightly contaminated, invisible
A: change form in water, swift swim, stealthy swim
a: Renounce Religion, Curse Item


You were on level 5 of the Dungeon.
You worshipped Ashenzari.
Ashenzari was noncommittal.
You visited 2 branches of the dungeon, and saw 6 of its levels.

You collected 382 gold pieces.
You spent 297 gold pieces at shops.

Inventory:

Hand Weapons
 a - a +2 dagger (weapon)
 y - a +0 spear
Missiles
 d - 36 poisoned darts (quivered)
 e - 2 curare-tipped darts
 f - 12 javelins
 n - 8 atropa-tipped darts
 t - 5 boomerangs
Armour
 b - a +0 robe
 c - a +1 cloak (worn)
 h - a +0 helmet (worn)
 l - a +0 pair of boots (worn)
 o - a +0 pair of gloves (worn)
 z - the +2 robe of Complete Protection (worn) {rN+}
   (You found it on level 5 of the Dungeon)

   It protects you from negative energy.
Scrolls
 i - a scroll of identify
 k - 2 scrolls of immolation
 r - 3 scrolls of teleportation
 v - 3 scrolls of magic mapping
 x - a scroll of fog {unknown}
Potions
 j - a potion of mutation
 m - 5 potions of curing
 p - a potion of resistance {unknown}
 q - a potion of lignification {unknown}
 s - 2 potions of cancellation {unknown}
 u - a potion of magic {unknown}
 w - 3 potions of haste


   Skills:
 + Level 6.1 Fighting
 - Level 2.4 Short Blades
 * Level 2.1 Polearms
 - Level 2.0 Throwing
 - Level 1.3 Dodging
 - Level 7.6 Stealth


You had 6 spell levels left.
You didn't know any spells.
Your spell library was empty.

Dungeon Overview and Level Annotations

Branches:
Dungeon (5/15)             Temple (1/1) D:4

Altars:
Ashenzari
Cheibriados
Dithmenos
Elyvilon
Fedhas
Gozag
Hepliaklqana
Kikubaaqudgha
Makhleb
Nemelex Xobeh
Okawaru
Qazlal
Ru
Sif Muna
Trog
Uskayaw
Vehumet
Wu Jian
Xom
Yredelemnul
The Shining One

Shops:
D:5 !


Message History

You are too injured to fight recklessly!
You hit the gnoll but do no damage.
The gnoll is heavily wounded.
The gnoll closely misses you.
You hit the gnoll.
The gnoll is heavily wounded.
The gnoll misses you. The gnoll closely misses you.
You barely miss the gnoll.
The gnoll is heavily wounded.
The gnoll completely misses you. The gnoll hits you with a +0 spear.
* * * LOW HITPOINT WARNING * * *
You hit the gnoll.
The gnoll is severely wounded.
The gnoll barely misses you.
You hit the gnoll but do no damage.
The gnoll is severely wounded.
The gnoll hits you with a +0 spear.
* * * LOW HITPOINT WARNING * * *
The gnoll hits you from afar with a +0 spear!
You die...

.........#.... #.........
...#.....#...........# ###.......
...#.#........ ......#+# #...#..#
#.(..+........ ......... #...#..#
######........ ....... ##......
...........#####..... .. #####...
....#......# .g..#.... ...#...
..#.#......# ###gg...##### #.#...
...##......# #.#@#. #...# #.....
........####+#.#)#. #...# #..###
....#...###....#.#.###..(###.....
....#...#......#.#...............
#'#.#...#..............++........
#.#.#...#....###.#.....##...รท....
#.......#........#.....##...#.##.
###.##..#...######.....##...#+##.
....#............................


You could see 3 gnolls.

Vanquished Creatures
  An ogre (D:4)
  A bullfrog (D:5)
  A howler monkey (D:4)
  A jelly (D:5)
  A hound (D:5)
  An orc priest (D:4)
  A bullfrog skeleton (D:5)
  A gnoll shaman (D:5)
  An iguana (D:5)
  2 worker ants
  7 adders
  An ooze (D:4)
  An adder zombie (D:5)
  3 worms
  2 dart slugs (D:1)
  5 orcs (D:4)
  10 bats
  3 giant cockroaches
  8 goblins
  7 hobgoblins
  6 kobolds
  2 quokkas
  4 ball pythons
  2 frilled lizards
  A quokka zombie (D:5)
  8 rats
81 creatures vanquished.

Vanquished Creatures (others)
  5 fungi (D:3)
  5 toadstools (D:3)
10 creatures vanquished.

Grand Total: 91 creatures vanquished

Notes
Turn   | Place    | Note
-------+----------+-------------------------------------------
     0 | D:1      | tsouns the Merfolk Brigand began the quest for the Orb.
     0 | D:1      | Reached XP level 1. HP: 16/16 MP: 1/1
   146 | D:1      | Reached XP level 2. HP: 23/23 MP: 2/2
   803 | D:1      | Reached skill level 5 in Stealth
   806 | D:1      | Reached XP level 3. HP: 29/29 MP: 3/3
  1649 | D:3      | Found a sparkling altar of Nemelex Xobeh.
  1716 | D:3      | Reached XP level 4. HP: 35/35 MP: 4/4
  2628 | D:4      | Found a staircase to the Ecumenical Temple.
  2659 | Temple   | Entered the Ecumenical Temple
  2988 | Temple   | Became a worshipper of Ashenzari the Shackled
  3056 | D:4      | Reached skill level 6 in Stealth
  3056 | D:4      | Reached XP level 5. HP: 42/42 MP: 5/5
  3570 | D:4      | Noticed an ogre
  3575 | D:4      | Killed an ogre
  3576 | D:4      | Reached skill level 5 in Fighting
  3576 | D:4      | Reached XP level 6. HP: 51/51 MP: 6/6
  4033 | D:5      | Entered Level 5 of the Dungeon
  4084 | D:5      | Reached skill level 7 in Stealth
  4153 | D:5      | Found Cutruyna's Distillery.
  4161 | D:5      | Bought a potion of curing for 33 gold pieces
  4161 | D:5      | Bought 2 potions of haste for 220 gold pieces
  4161 | D:5      | Bought a potion of degeneration for 11 gold pieces
  4161 | D:5      | Bought a potion of attraction for 33 gold pieces
  4263 | D:5      | Reached XP level 7. HP: 43/57 MP: 7/7
  4869 | D:5      | Reached skill level 1 in Polearms
  4872 | D:5      | Got the uncursed robe of Complete Protection {rN+}
  4883 | D:5      | Identified the +2 robe of Complete Protection {rN+} (You
                  | found it on level 5 of the Dungeon)
  5051 | D:5      | Slain by a gnoll

Illustrated notes

Levels and vault maps discovered:
D:1:      grunt_arrival_lava_bath, layout_basic
D:2:      layout_rooms, hangedman_decor_peaks_small, minmay_misc_feat_square
D:3:      layout_loops_ring, minmay_gold_behind_fungi,
          nemelex_spade_bored_becter
D:4:      layout_layer_cave, minmay_temple_entry_ruins,
          hangedman_decor_diamond_cutter, minmay_quadrilaterals
D:5:      layout_basic, serial_shops, shop, minmay_between
Temple:   dpeg_three_leaves_temple

Skill      XL: |  1  2  3  4  5  6  7 |
---------------+----------------------+-----
Fighting       | 3 4 5 6 |  6.1
Stealth        | 5 6 7 |  7.6
Polearms       | 2 |  2.1
Short Blades   | |  2.4
Throwing       | |  2.0
Dodging        | |  1.3

Action                   |  1- 3 |  4- 6 |  7- 9 || total
-------------------------+-------+-------+-------++-------
Melee: Dagger            |   102 |   141 |    36 ||   279
       Spear             |       |       |    50 ||    50
Throw: Dart              |       |    18 |     6 ||    24
  Use: Scroll            |     8 |     2 |       ||    10
       Potion            |       |     1 |     1 ||     2
 Stab: Sleeping          |    17 |     7 |     4 ||    28
       Distracted        |       |     1 |       ||     1
       Invisible         |       |       |     1 ||     1
Armor: Robe              |    28 |    39 |    27 ||    94
Dodge: Dodged            |    60 |    58 |    52 ||   170

Table legend: (Time is in decaauts)
 A = Elapsed time spent in this place.
 B = Non-inter-level travel time spent in this place.
 C = Inter-level travel time spent in this place.
 D = Time resting spent in this place.
 E = Time spent auto-exploring this place.
 F = Levels seen in this place.
 G = Mean time per level.
                   A        B        C        D        E       F      G
               +--------+--------+--------+--------+--------+-----+--------+
         Total |   5017 |   4785 |    232 |      0 |   3874 |   6 |  836.2 |
       Dungeon |   4676 |   4455 |    221 |      0 |   3549 |   5 |  935.2 |
        Temple |    341 |    330 |     11 |      0 |    325 |   1 |  341.0 |
               +--------+--------+--------+--------+--------+-----+--------+

Top non-repeatable levels by time:
     D:4: 1155 daAuts
     D:3: 1067 daAuts
     D:1: 1040 daAuts
     D:5: 917 daAuts
     D:2: 495 daAuts
  Temple: 341 daAuts
